Map: King's Cove LE

Players

Denver

  • Race: Zerg Zerg
  • League: Master
  • Spawn Location: 11:00

HellraiseR - Winner!

  • Race: Protoss Protoss
  • League: Master
  • Spawn Location: 5:00

Event: 2019 WCS Winter Europe

VOD

Have the link to the VOD?

Description

Time

  • Played on: Feb. 3, 2019, 10:12 a.m.
  • Length: 15:47

All games in this series

Show
View Real Time Build Order
Export as new Build Order

Denver Zerg 

Build Orders: Hatch First, Roach Hydra 

Get SALT Encoding   

  12  0:00  Drone  
  13  0:12  Overlord  
  13  0:17  Drone  
  14  0:31  Drone x2  
  16  0:49  Hatchery  
  15  0:52  Drone  
  15  0:56  Drone  
  17  1:00  Drone  
  18  1:11  Extractor  
  17  1:17  Spawning Pool  
  16  1:21  Drone  
  16  1:23  Drone  
  18  1:30  Drone  
  19  1:40  Drone  
  20  1:50  Drone  
  21  2:03  Queen x2  
  21  2:04  Zergling x4  
  27  2:11  Overlord  
  27  2:15  Metabolic Boost  
  27  2:19  Drone  
  28  2:30  Drone x2  
  30  2:41  Hatchery  
  29  2:46  Drone  
  29  2:47  Drone  
  31  2:52  Overlord  
  31  2:54  Drone  
  32  3:01  Queen  
  32  3:03  Drone  
  35  3:08  Drone  
  35  3:11  Drone  
  35  3:12  Drone  
  38  3:14  Drone  
  38  3:15  Drone  
  38  3:18  Drone  
  41  3:22  Overlord  
  41  3:24  Drone  
  43  3:27  Drone  
  43  3:36  Overlord  
  43  3:40  Overlord, Queen  
  45  3:44  Drone x2  
  47  3:49  Overlord  
  47  3:52  Spore Crawler  
  47  3:54  Queen  
  48  3:56  Drone  
  48  3:59  Drone  
  50  4:04  Drone x2  
  50  4:07  Drone x2  
  50  4:09  Spore Crawler  
  53  4:11  Overlord  
  53  4:14  Drone  
  53  4:16  Drone x2  
  56  4:18  Drone  
  56  4:20  Drone x2  
  59  4:26  Evolution Chamber  
  59  4:27  Drone x2  
  59  4:31  Drone x2  
  59  4:34  Drone  
  59  4:37  Drone  
  62  4:41  Roach Warren  
  62  4:42  Lair  
  62  4:44  Drone x2  
  63  4:47  Extractor  
  63  4:48  Extractor  
  63  4:51  Drone x4  
  63  4:52  Drone  
  66  4:54  Drone  
  66  4:58  Overlord  
  66  5:00  Drone  
  66  5:01  Drone  
  66  5:02  Evolution Chamber, Drone  
  68  5:08  Overlord  
  68  5:17  Queen  
  70  5:22  Roach x4  
  70  5:27  Spore Crawler, Drone x3  
  86  5:29  Zerg Missile Weapons Level 1  
  90  5:41  Spore Crawler, Drone  
  90  5:42  Queen  
  82  5:44  Spore Crawler  
  82  5:45  Spore Crawler, Drone x3  
  82  5:46  Hatchery  
  82  5:47  Drone  
  82  5:49  Spore Crawler, Glial Reconstitution  
  82  5:56  Drone x5  
  87  6:02  Extractor  
  87  6:03  Extractor  
  85  6:04  Spore Crawler  
  85  6:06  Hydralisk Den  
  85  6:07  Drone x4  
  85  6:15  Overlord  
  85  6:16  Drone x4  
  89  6:19  Overlord  
  89  6:20  Extractor  
  89  6:22  Overlord  
  89  6:24  Pneumatized Carapace  
  88  6:26  Overseer  
  88  6:30  Overlord  
  89  6:40  Drone  
  89  6:41  Grooved Spines  
  89  6:46  Hydralisk x4, Drone  
  95  6:49  Overseer  
  95  6:52  Drone x2  
  95  6:53  Drone x2  
  101  7:00  Burrow  
  101  7:02  Hydralisk x2  
  101  7:07  Hydralisk  
  101  7:08  Tunneling Claws  
  107  7:14  Hydralisk x3  
  112  7:19  Hydralisk  
  113  7:28  Hydralisk x3, Extractor  
  118  7:31  Overlord  
  118  7:34  Drone x7  
  122  7:41  Infestation Pit  
  122  7:42  Overlord x2  
  121  7:44  Overlord  
  121  7:49  Spore Crawler  
  121  7:50  Overlord  
  116  7:52  Extractor  
  116  7:53  Muscular Augments  
  116  7:56  Spire  
  111  8:01  Drone x6  
  111  8:02  Drone  
  116  8:10  Spire  
  115  8:15  Zerg Missile Weapons Level 2, Drone  
  116  8:31  Roach x3  
  116  8:32  Drone  
  116  8:33  Overlord, Drone x4  
  116  8:34  Overlord  
  118  8:36  Hatchery  
  115  8:44  Overlord x2  
  115  9:00  Overseer  
  115  9:06  Roach x3  
  115  9:10  Zerg Flyer Weapons Level 1, Corruptor  
  115  9:11  Corruptor x8  
  115  9:15  Overseer  
  133  9:18  Corruptor  
  133  9:19  Spore Crawler, Corruptor  
  133  9:23  Zerg Flyer Armor Level 1  
  136  9:26  Corruptor  
  132  9:36  Corruptor x2  
  132  9:37  Corruptor  
  134  9:42  Corruptor  
  132  9:48  Corruptor  
  132  9:51  Drone x3  
  133  9:54  Corruptor  
  133  9:57  Corruptor  
  129  10:01  Corruptor  
  129  10:03  Overlord  
  128  10:07  Drone x3  
  128  10:13  Corruptor  
  128  10:14  Extractor, Corruptor  
  130  10:16  Corruptor  
  130  10:18  Extractor  
  130  10:21  Corruptor  
  134  10:25  Corruptor  
  138  10:30  Drone x4  
  138  10:31  Drone x2  
  138  10:32  Corruptor  
  138  10:33  Corruptor  
  148  10:37  Overseer  
  148  10:38  Overseer  
  148  10:47  Corruptor x2  
  148  10:49  Zergling x10  
  161  10:50  Zergling x8  
  161  10:56  Corruptor x2  
  153  11:03  Corruptor  
  153  11:06  Corruptor  
  153  11:08  Overseer  
  154  11:11  Corruptor  
  154  11:16  Corruptor  
  154  11:18  Corruptor  
  155  11:21  Corruptor  
  155  11:22  Overlord  
  159  11:29  Corruptor x2  
  159  11:32  Corruptor  
  161  11:43  Corruptor x3  
  165  11:52  Zerg Flyer Weapons Level 2  
  165  11:57  Corruptor x2  
  167  12:13  Corruptor x4  
  167  12:15  Zergling x24  
  183  12:20  Overlord  
  183  12:24  Overlord  
  183  12:25  Overlord  
  183  12:27  Overlord  
  183  12:42  Corruptor x2  
  183  12:44  Zerg Flyer Armor Level 2  
  180  12:51  Corruptor x4  
  177  13:01  Corruptor  
  177  13:02  Corruptor x2  
  181  13:09  Corruptor  
  181  13:10  Corruptor  
  182  13:25  Infestor x4  
  182  13:31  Corruptor x2  
  186  13:35  Corruptor  
  184  13:43  Corruptor x2  
  184  13:47  Zergling x12  
  189  13:53  Hive  
  189  13:55  Corruptor  
  191  14:04  Corruptor x2  
  191  14:05  Corruptor  
  195  14:13  Corruptor x2  
  195  14:15  Overlord  
  195  14:16  Overlord  
  193  14:24  Overlord  
  193  14:28  Infestor x2  
  193  14:30  Overlord  
  197  14:41  Infestor  
  197  14:44  Overseer x2  
  197  14:45  Overseer  
  193  14:46  Overseer  
  193  14:47  Overseer  
  193  15:03  Spore Crawler  
  193  15:05  Spore Crawler  
  191  15:12  Zergling x6  
Show
View Real Time Build Order
Export as new Build Order

HellraiseR Protoss - Winner!

Build Orders: 1 Gate Expand, Oracle Opening, Phoenix Opening, Carriers, Mass Phoenix 

Get SALT Encoding   

  12  0:00  Probe  
  13  0:12  Probe  
  14  0:18  Pylon  
  14  0:21  Probe  
  15  0:32  Probe  
  15  0:38  Gateway  
  16  0:43  Probe  
  16  0:47  Assimilator  
  17  0:55  Probe  
  18  1:07  Probe  
  19  1:23  Nexus  
  19  1:25  Probe  
  20  1:37  Cybernetics Core  
  20  1:39  Probe  
  21  1:44  Assimilator  
  21  1:51  Probe  
  22  1:56  Pylon  
  22  2:00  Probe  
  21  2:04  Adept  
  22  2:08  Probe  
  25  2:17  Probe  
  26  2:23  Stargate  
  27  2:30  Probe x2  
  27  2:34  Adept  
  30  2:38  Warp Gate  
  30  2:40  Probe  
  30  2:42  Probe  
  32  2:50  Probe  
  32  2:54  Probe  
  34  3:02  Phoenix  
  34  3:03  Probe  
  34  3:04  Gateway  
  35  3:06  Probe  
  38  3:15  Probe  
  38  3:17  Pylon  
  38  3:19  Probe  
  40  3:22  Oracle  
  40  3:23  Assimilator  
  40  3:27  Probe  
  40  3:33  Probe  
  45  3:39  Probe  
  46  3:44  Assimilator  
  46  3:45  Probe  
  46  3:46  Pylon  
  47  3:51  Stargate  
  47  3:52  Probe  
  48  3:57  Phoenix, Probe  
  49  4:04  Probe  
  49  4:09  Probe  
  53  4:16  Pylon  
  53  4:17  Probe  
  54  4:18  Phoenix  
  54  4:21  Probe  
  57  4:28  Phoenix  
  57  4:29  Probe  
  58  4:32  Protoss Air Weapons Level 1  
  58  4:33  Probe  
  58  4:36  Zealot  
  58  4:38  Zealot  
  65  4:44  Phoenix  
  67  4:51  Pylon  
  67  4:55  Phoenix  
  69  5:02  Phoenix  
  69  5:05  Nexus  
  69  5:11  Probe  
  72  5:20  Phoenix  
  75  5:22  Pylon  
  75  5:24  Phoenix  
  75  5:28  Shield Battery  
  76  5:29  Probe  
  76  5:32  Probe  
  78  5:41  Probe  
  79  5:44  Probe  
  79  5:45  Fleet Beacon  
  79  5:48  Phoenix  
  82  5:53  Pylon  
  82  5:59  Phoenix  
  82  6:00  Probe  
  82  6:02  Probe  
  86  6:10  Assimilator  
  84  6:12  Assimilator, Probe x2  
  84  6:14  Probe  
  87  6:18  Carrier  
  87  6:20  Probe  
  87  6:22  Probe  
  87  6:24  Probe  
  89  6:25  Carrier  
  97  6:38  Probe  
  103  6:41  Probe  
  103  6:42  Probe  
  105  6:50  Probe  
  105  6:52  Forge  
  105  6:53  Probe  
  107  6:54  Probe  
  107  6:59  Pylon  
  107  7:00  Pylon  
  108  7:01  Pylon  
  108  7:03  Probe  
  108  7:06  Carrier  
  109  7:13  Pylon  
  109  7:17  Probe  
  109  7:18  Stargate, Protoss Air Weapons Level 2  
  110  7:29  Carrier  
  122  7:43  Photon Cannon  
  122  7:44  Shield Battery  
  122  7:51  Carrier  
  128  8:07  Carrier  
  128  8:11  Sentry  
  128  8:12  Zealot, Nexus  
  138  8:14  Pylon  
  138  8:19  Probe x2  
  140  8:23  Pylon, Carrier  
  146  8:43  Carrier  
  146  8:48  Photon Cannon  
  146  8:51  Photon Cannon  
  146  8:53  Photon Cannon  
  146  8:54  Shield Battery  
  146  8:56  Shield Battery  
  146  8:58  Stargate  
  146  8:59  Shield Battery  
  152  9:16  Pylon  
  152  9:18  Carrier  
  152  9:22  Carrier  
  157  9:25  Probe  
  157  9:29  Assimilator  
  157  9:31  Carrier  
  164  9:33  Assimilator  
  164  9:37  Void Ray  
  164  9:52  Photon Cannon  
  174  9:53  Photon Cannon  
  174  9:55  Shield Battery  
  174  10:05  Robotics Facility  
  174  10:13  Pylon  
  174  10:15  Pylon  
  174  10:18  Protoss Air Weapons Level 3  
  174  10:20  Carrier  
  180  10:23  Void Ray  
  180  10:26  Anion Pulse-Crystals  
  180  10:31  Void Ray  
  180  10:32  Pylon  
  188  10:40  Void Ray  
  184  10:55  Observer  
  178  11:04  Void Ray  
  183  11:14  Void Ray  
  183  11:23  Void Ray  
  183  11:25  Carrier  
  187  11:26  Nexus  
  191  11:35  Pylon  
  191  11:36  Void Ray  
  183  11:47  Twilight Council  
  187  11:56  Void Ray  
  189  12:02  Void Ray  
  189  12:04  Nexus  
  189  12:08  Mothership  
  197  12:33  Shield Battery  
  191  12:44  Carrier  
  187  12:46  Carrier x2  
  187  12:50  Zealot  
  187  12:51  Zealot  
  190  12:58  Void Ray  
  190  13:02  Templar Archives  
  190  13:04  Gateway  
  196  13:07  Gateway  
  200  13:13  Photon Cannon  
  200  13:19  Zealot  
  177  13:30  Probe  
  177  13:31  Probe x2  
  180  13:37  Void Ray  
  180  13:41  Protoss Ground Weapons Level 1, Void Ray  
  176  13:45  High Templar x2  
  188  13:50  Void Ray, Archon  
  192  14:06  High Templar x2  
  196  14:11  Void Ray x2  
  188  14:17  Archon  
  188  14:18  High Templar x2  
  188  14:22  Archon  
  200  14:35  Gateway x3  
  200  14:36  Gateway  
  200  14:55  Photon Cannon  
Tags
 
Add a new tag
Caveats
  • Supply blocks, unpowered buildings, or Contaminate may cause inaccurate times.
  • Supply counts are checked every 10 seconds.